 Dungeon Crawl Stone Soup version 0.27-a0-345-g7370b58738 (webtiles) character file.

Game seed: 13739279505382418

1050 ReteAZ the Skirmisher (level 8, -2/67 HPs)
             Began as a Gnoll Wanderer on Feb 15, 2021.
             Was a Follower of Okawaru.
             Slain by a water moccasin (6 damage)
             ... on level 5 of the Dungeon.
             The game lasted 00:05:06 (4533 turns).

ReteAZ the Skirmisher (Gnoll Wanderer)              Turns: 4533, Time: 00:05:07

Health: -2/67      AC:  9    Str: 12    XL:     8   Next: 26%
Magic:  12/12      EV: 10    Int: 13    God:    Okawaru [*.....]
Gold:   211        SH:  0    Dex: 12    Spells: 13/13 levels left

rFire    . . .     SeeInvis .   o - +0 short sword (venom)
rCold    . . .     Faith    .   (no shield)
rNeg     . . .     Spirit   .   d - +2 scale mail
rPois    .         Reflect  .   (no helmet)
rElec    .         Harm     .   (no cloak)
rCorr    .         Rampage  .   (no gloves)
Will     .....                  (no boots)
Stlth    +.........             (no amulet)
HPRegen  0.21/turn              (no ring)
MPRegen  0.13/turn              (no ring)

@: lethally poisoned (-2 -> -19)
A: distributed training, fangs 1, strong nose
a: Renounce Religion, Heroism


You were on level 5 of the Dungeon.
You worshipped Okawaru.
Okawaru was aware of your devotion.
You visited 2 branches of the dungeon, and saw 7 of its levels.

You collected 211 gold pieces.

Inventory:

Hand Weapons
 a - a +0 club
 e - a +0 dagger
 f - a +0 mace of draining
 o - a +0 short sword of venom (weapon)
 r - a +1 whip of freezing
Missiles
 n - 11 poisoned darts (quivered)
Armour
 d - a +2 scale mail (worn)
Jewellery
 l - an amulet of reflection {unknown}
 v - an amulet of faith {unknown}
Scrolls
 g - 6 scrolls of identify {unknown}
 h - 4 scrolls of fear
 k - 2 scrolls of enchant weapon {unknown}
 p - 2 scrolls of blinking {unknown}
 s - a scroll of noise {unknown}
 w - 2 scrolls of teleportation {unknown}
Potions
 b - a potion of might {unknown}
 c - 2 potions of curing
 i - 3 potions of attraction {unknown}
 j - a potion of heal wounds {unknown}
 m - a potion of berserk rage {unknown}
 q - a potion of haste {unknown}
 t - a potion of degeneration {unknown}
 u - a potion of mutation {unknown}


   Skills:
 + Level 7.3 Fighting
 + Level 3.1 Short Blades
 + Level 3.1 Long Blades
 + Level 3.1 Axes
 + Level 3.1 Maces & Flails
 + Level 3.1 Polearms
 + Level 3.1 Staves
 + Level 3.1 Slings
 + Level 4.1 Bows
 + Level 3.1 Crossbows
 + Level 3.1 Throwing
 + Level 4.1 Armour
 + Level 4.1 Dodging
 + Level 5.2 Stealth
 + Level 3.1 Shields
 + Level 3.1 Unarmed Combat
 + Level 3.1 Spellcasting
 + Level 2.5 Conjurations
 + Level 2.5 Hexes
 + Level 2.5 Summonings
 + Level 2.5 Necromancy
 + Level 2.5 Translocations
 + Level 2.5 Transmutations
 + Level 2.5 Fire Magic
 + Level 2.5 Ice Magic
 + Level 2.5 Air Magic
 + Level 2.5 Earth Magic
 + Level 2.5 Poison Magic
 + Level 3.4 Invocations
 + Level 5.6 Evocations


You had 13 spell levels left.
You didn't know any spells.
Your spell library was empty.

Dungeon Overview and Level Annotations

Branches:
Dungeon (6/15)             Temple (1/1) D:4

Altars:
Ashenzari
Dithmenos
Elyvilon
Fedhas
Gozag
Hepliaklqana
Kikubaaqudgha
Makhleb
Nemelex Xobeh
Okawaru
Qazlal
Ru
Sif Muna
Uskayaw
Vehumet
Wu Jian
Xom
Zin

Shops:
D:5 =

Annotations:
D:3 1 runed translucent door
D:4 Grinder
D:6 Dowan, Duvessa


Innate Abilities, Weirdness & Mutations

Your experience applies equally to all skills.
You have very sharp teeth.
Your uncanny sense of smell can sniff out nearby items.


Message History

The water moccasin bites you but does no damage.
You hit the water moccasin.
The water moccasin is poisoned.
The water moccasin is moderately wounded.
The water moccasin bites you but does no damage.
You hit the water moccasin but do no damage.
The water moccasin is moderately wounded.
The water moccasin bites you but does no damage.
You miss the water moccasin.
The water moccasin is moderately wounded.
The water moccasin bites you but does no damage.
The water moccasin bites you.
* * * LOW HITPOINT WARNING * * *
You closely miss the water moccasin.
The water moccasin is moderately wounded.
The water moccasin bites you.
* * * LOW HITPOINT WARNING * * *
You closely miss the water moccasin. Your bite misses the water moccasin.
The water moccasin is moderately wounded.
The water moccasin closely misses you. The water moccasin bites you!
* * * LOW HITPOINT WARNING * * *
The water moccasin barely misses you. The water moccasin bites you.
* * * LOW HITPOINT WARNING * * *
You feel better.
The water moccasin bites you but does no damage.
Your scale mail prevents you from hitting the water moccasin.
The water moccasin is heavily wounded.
The water moccasin bites you.
* * * LOW HITPOINT WARNING * * *
You are poisoned.
The water moccasin poisons you! The water moccasin bites you!
* * * LOW HITPOINT WARNING * * *
You are more poisoned.
The water moccasin poisons you!
You miss the water moccasin.
The water moccasin is heavily wounded.
* * * LOW HITPOINT WARNING * * *
You feel sick. The water moccasin bites you.
You die...

####### #.<...#
#@....# #S....#
#.....####### #
#..)...##...# #
#.>.........# #
#......##...######
#>...........>...#
#..............#..
######...........#


You could see a water moccasin (poisoned).

Vanquished Creatures
  Pikel (D:5)
  Sigmund (D:2)
  A sky beast (D:5)
  A scorpion (D:4)
  4 hounds
  Terence (D:2)
  A worker ant (D:5)
  5 adders
  4 gnolls (D:2)
  A white imp (D:5)
  An ooze (D:2)
  A worm (D:3)
  A dart slug (D:2)
  2 leopard geckos
  5 orcs
  5 bats
  2 giant cockroaches
  5 goblins
  6 hobgoblins
  9 jackals
  A quokka (D:3)
  A frilled lizard (D:4)
  A jackal zombie (D:5)
  3 kobolds
  A leopard gecko zombie (D:5)
  2 rats (D:2)
66 creatures vanquished.

Notes
Turn   | Place    | Note
-------+----------+-------------------------------------------
     0 | D:1      | ReteAZ the Gnoll Wanderer began the quest for the Orb.
     0 | D:1      | ReteAZ set off with the following items: a +0 club, a
                  | potion of lignification, a potion of curing, a +2 scale
                  | mail, a +0 dagger
     0 | D:1      | Reached XP level 1. HP: 23/23 MP: 1/1
   230 | D:1      | Reached XP level 2. HP: 29/29 MP: 2/2
  1017 | D:2      | Reached XP level 3. HP: 35/35 MP: 3/3
  1142 | D:2      | Reached skill level 1 in Invocations
  1145 | D:2      | Reached skill level 1 in Short Blades
  1145 | D:2      | Reached skill level 1 in Long Blades
  1145 | D:2      | Reached skill level 1 in Axes
  1145 | D:2      | Reached skill level 1 in Maces & Flails
  1145 | D:2      | Reached skill level 1 in Polearms
  1145 | D:2      | Reached skill level 1 in Staves
  1145 | D:2      | Reached skill level 1 in Slings
  1145 | D:2      | Reached skill level 1 in Crossbows
  1145 | D:2      | Reached skill level 1 in Throwing
  1145 | D:2      | Reached skill level 1 in Shields
  1145 | D:2      | Reached skill level 1 in Unarmed Combat
  1145 | D:2      | Reached skill level 1 in Spellcasting
  1146 | D:2      | Reached XP level 4. HP: 28/41 MP: 5/5
  1284 | D:2      | Noticed Terence
  1291 | D:2      | Killed Terence
  1292 | D:2      | Reached skill level 1 in Conjurations
  1292 | D:2      | Reached skill level 1 in Hexes
  1292 | D:2      | Reached skill level 1 in Summonings
  1292 | D:2      | Reached skill level 1 in Necromancy
  1292 | D:2      | Reached skill level 1 in Translocations
  1292 | D:2      | Reached skill level 1 in Transmutations
  1292 | D:2      | Reached skill level 1 in Fire Magic
  1292 | D:2      | Reached skill level 1 in Ice Magic
  1292 | D:2      | Reached skill level 1 in Air Magic
  1292 | D:2      | Reached skill level 1 in Earth Magic
  1292 | D:2      | Reached skill level 1 in Poison Magic
  1368 | D:2      | Noticed Sigmund
  1376 | D:2      | Killed Sigmund
  1377 | D:2      | Reached XP level 5. HP: 44/47 MP: 5/7
  1377 | D:2      | Reached XP level 6. HP: 50/53 MP: 5/8
  2192 | D:3      | Found a white marble altar of Elyvilon.
  2211 | D:3      | Found a runed translucent door.
  2211 | D:3      | Noticed an angel
  2563 | D:4      | Found a staircase to the Ecumenical Temple.
  2568 | D:4      | Reached skill level 5 in Evocations
  2579 | Temple   | Entered the Ecumenical Temple
  2652 | Temple   | Became a worshipper of Warmaster Okawaru
  3065 | D:4      | Found an ornate altar of the Wu Jian Council.
  3065 | D:4      | Found a radiant altar of Vehumet.
  3072 | D:4      | Found a hazy altar of Hepliaklqana.
  3078 | D:4      | Found a faded altar of an unknown god.
  3080 | D:4      | Found an opulent altar of Gozag.
  3179 | D:4      | Noticed Grinder
  3189 | D:4      | Paralysed by Grinder for 2 turns
  3372 | D:5      | Entered Level 5 of the Dungeon
  3417 | D:5      | Noticed a sky beast
  3444 | D:5      | Killed a sky beast
  3445 | D:5      | Reached XP level 7. HP: 27/59 MP: 10/10
  3687 | D:5      | Reached skill level 7 in Fighting
  3758 | D:5      | Found Loecasmijet's Jewellery Shoppe.
  3782 | D:5      | Noticed Pikel
  3804 | D:5      | Killed Pikel
  3804 | D:5      | Reached * piety under Okawaru
  3805 | D:5      | Reached skill level 5 in Stealth
  3805 | D:5      | Reached XP level 8. HP: 41/67 MP: 10/12
  4044 | D:5      | Found a burning altar of Makhleb.
  4202 | D:5      | Found a stormy altar of Qazlal.
  4497 | D:6      | Noticed Duvessa
  4497 | D:6      | Noticed Dowan
  4533 | D:5      | Slain by a water moccasin

Illustrated notes

Levels and vault maps discovered:
D:1:      heliophobic_arrival_glass_houses, layout_basic
D:2:      layout_basic, uniq_sigmund, uniq_terence
D:3:      layout_loops_cross, lemuel_angel_altar
D:4:      layout_loops_ring, chequers_temple_overflow_minitemple,
          temple_fountains, doesnt_xom_only_xom, uniq_grinder
D:5:      layout_rooms, kennysheep_mini_moat, serial_shops,
          nicolae_shop_statue_plus, nicolae_qazlal_eye_of_the_storm, uniq_pikel
D:6:      layout_rooms, lemuel_crystal_altar, trog_ov_bears_minmay,
          uniq_duvessa, uniq_prince_ribbit1, uniq_blork_the_orc
Temple:   dshaligram_water_room_temple

Skill      XL: |  1  2  3  4  5  6  7 |
---------------+----------------------+-----
Invocations    | 1 2 3 |  3.4
Short Blades   | 1 2 3 |  3.1
Long Blades    | 1 2 3 |  3.1
Axes           | 1 2 3 |  3.1
Maces & Flails | 1 2 3 |  3.1
Polearms       | 1 2 3 |  3.1
Staves         | 1 2 3 |  3.1
Slings         | 1 2 3 |  3.1
Crossbows      | 1 2 3 |  3.1
Throwing       | 1 2 3 |  3.1
Shields        | 1 2 3 |  3.1
Unarmed Combat | 1 2 3 |  3.1
Spellcasting   | 1 2 3 |  3.1
Conjurations   | 1 2 |  2.5
Hexes          | 1 2 |  2.5
Summonings     | 1 2 |  2.5
Necromancy     | 1 2 |  2.5
Translocations | 1 2 |  2.5
Transmutations | 1 2 |  2.5
Fire Magic     | 1 2 |  2.5
Ice Magic      | 1 2 |  2.5
Air Magic      | 1 2 |  2.5
Earth Magic    | 1 2 |  2.5
Poison Magic   | 1 2 |  2.5
Bows           | 3 4 |  4.1
Armour         | 3 4 |  4.1
Dodging        | 3 4 |  4.1
Evocations     | 5 |  5.6
Fighting       | 7 |  7.3
Stealth        | 5 |  5.2

Action                   |  1- 3 |  4- 6 |  7- 9 || total
-------------------------+-------+-------+-------++-------
Melee: Mace              |    52 |    51 |       ||   103
       Bite              |     6 |     8 |     7 ||    21
       Short sword       |       |    75 |    92 ||   167
Throw: Dart              |       |     2 |       ||     2
  Use: Scroll            |       |     2 |       ||     2
       Potion            |       |       |     3 ||     3
 Stab: Sleeping          |       |     2 |     1 ||     3
Armor: Scale mail        |    41 |    77 |    44 ||   162
       Skin              |       |       |    11 ||    11
Dodge: Dodged            |    28 |    62 |    40 ||   130

Table legend: (Time is in decaauts)
 A = Elapsed time spent in this place.
 B = Non-inter-level travel time spent in this place.
 C = Inter-level travel time spent in this place.
 D = Time resting spent in this place.
 E = Time spent auto-exploring this place.
 F = Levels seen in this place.
 G = Mean time per level.
                   A        B        C        D        E       F      G
               +--------+--------+--------+--------+--------+-----+--------+
         Total |   4567 |   4303 |    264 |    207 |   3384 |   7 |  652.4 |
       Dungeon |   4484 |   4228 |    256 |    207 |   3324 |   6 |  747.3 |
        Temple |     82 |     74 |      8 |      0 |     60 |   1 |   82.0 |
               +--------+--------+--------+--------+--------+-----+--------+

Top non-repeatable levels by time:
     D:2: 1026 daAuts
     D:5: 885 daAuts
     D:4: 855 daAuts
     D:1: 814 daAuts
     D:3: 801 daAuts
     D:6: 101 daAuts
  Temple: 82 daAuts
